 Dungeon Crawl Stone Soup version bcrawl-1.18.1 (webtiles) character file.

Game seed: 17056692520637855834

14080 Exporg the Spear-Bearer (level 11, 0/112 HPs)
             Began as a Demonspawn Gladiator on Nov 14, 2019.
             Was an Elder of Hepliaklqana.
             Slain by a dire elephant (14 damage)
             ... in a Gauntlet.
             The game lasted 00:32:23 (11962 turns).

Exporg the Spear-Bearer (Demonspawn Gladiator)     Turns: 11962, Time: 00:32:23

Health: 0/112      AC: 25    Str: 28    XL:     11   Next: 84%
Magic:  21/21      EV:  2    Int: 11    God:    Hepliaklqana [****..]
Gold:   3          SH:  3    Dex: 14    Spells: 24/24 levels left

rFire    . . .     SeeInvis .   a - +7 spear of Massacring {drain, rC+}
rCold    + . .     Gourm    .   F - +0 buckler
rNeg     + + +     Faith    .   (armour currently unavailable)
rPois    +         Spirit   .   (helmet currently unavailable)
rElec    .         Reflect  .   (cloak currently unavailable)
rCorr    .         Harm     .   (gloves currently unavailable)
MR       +....     NoTele   +   (boots unavailable)
Stlth    ++........             S - amulet of the acrobat
HPRegen  0.28/turn              H - ring of protection from magic
MPRegen  0.17/turn              P - +4 ring of strength

@: mighty, tree-form, repel missiles
A: reduced essence, repulsion field 3, demonic guardian 2, mutation resistance
1, strong 1
a: Recall Ancestor, Ancestor Identity, Transference, Incarnate, Renounce
Religion


You were in a Gauntlet.
You worshipped Hepliaklqana.
Hepliaklqana was greatly pleased with you.
You were not hungry.
You were a tree.
You visited 3 branches of the dungeon, and saw 12 of its levels.
You also visited: Gauntlet.

You collected 655 gold pieces.
You spent 652 gold pieces at shops.

Inventory:

Hand Weapons
 a - the +7 spear of Massacring (weapon) {drain, rC+}
   (You bought it in a shop on level 9 of the Dungeon)

   A truly terrible weapon, it drains the life of those it strikes.
   It protects you from cold.
 k - a +0 hunting sling
 L - a +1 glaive
Missiles
 d - 4 throwing nets {!f}
 p - 544 bolts
 E - 61 poisoned tomahawks
 K - 160 tomahawks (quivered)
Armour
 c - a +1 helmet (melded)
 i - a +3 leather armour of fire resistance (melded)
 j - a +2 cloak (melded)
 s - a +0 pair of gloves (melded)
 y - a +0 scale mail
 F - a +0 buckler (worn)
 X - a scarf of stasis
Magical Staves
 x - an uncursed staff of conjuration
 V - an uncursed staff of poison
Jewellery
 C - an uncursed ring of positive energy
 H - a ring of protection from magic (left branch)
 P - a +4 ring of strength (right branch)
 S - an amulet of the acrobat (around neck)
Wands
 o - a wand of paralysis (4)
 q - a wand of iceblast (10)
 D - a wand of flame (32)
 M - a wand of acid (8)
 U - a wand of clouds (9)
 W - a wand of enslavement (12)
Scrolls
 e - 3 scrolls of immolation
 h - 5 scrolls of teleportation
 m - 2 scrolls of remove curse
 n - a scroll of fear
 r - a scroll of blinking {unknown}
 u - a scroll of enchant armour
 w - 4 scrolls of fog
 z - 2 scrolls of enchant weapon
 O - a scroll of noise
Potions
 b - a potion of brilliance
 l - a potion of ambrosia
 t - a potion of might
 v - a potion of berserk rage
 A - 2 potions of mutation
 B - a potion of cancellation
 G - 2 potions of curing
 I - 2 potions of lignification
 Q - a potion of resistance
 R - a potion of invisibility
 T - a potion of flight
Miscellaneous
 Z - a phial of floods
Comestibles
 f - 25 rations {!d}


   Skills:
 + Level 7.5 Fighting
 + Level 11.7 Polearms
 * Level 6.0 Throwing
 + Level 3.9 Armour
 + Level 6.1 Dodging
 - Level 1.2 Stealth
 + Level 0.5 Shields
 * Level 7.2 Spellcasting


You had 24 spell levels left.
You didn't know any spells.
Your spell library was empty.

Dungeon Overview and Level Annotations

Branches:
Dungeon (10/12)            Temple (1/1) D:6            Lair (1/6) D:9
    Orc: D:8-11

Altars:
Ashenzari
Cheibriados
Dithmenos
Elyvilon
Fedhas
Gozag
Hepliaklqana
Kikubaaqudgha
Lugonu
Makhleb
Nemelex Xobeh
Okawaru
Qazlal
Ru
Sif Muna
Trog
Uskayaw
Vehumet
Wu Jian
Xom
Yredelemnul
Zin
The Shining One

Shops:
D:4 [   D:5 :   D:9 (   D:10 *

Annotations:
D:9 3 runed translucent doors, SirMumm's ghost, journeyman GrWz Gauntlet 10 transporters


Innate Abilities, Weirdness & Mutations

((You have hooves in place of feet.))
You are surrounded by a strong repulsion field. (EV +4, RMsl)
A demonic guardian rushes to your aid.
Your life essence is reduced to manifest your ancestor. (-10% HP)
You are somewhat resistant to further mutation.
Your muscles are strong. (Str +2)


Message History

The elephant trunk-slaps you but does no damage.
The elephant tramples you.
* * * LOW HITPOINT WARNING * * *
The elephant trunk-slaps you but does no damage.
Unknown command.
You impale the dire elephant!!
The dire elephant is heavily wounded.
The dire elephant tramples you.
* * * LOW HITPOINT WARNING * * *
The dire elephant trunk-slaps you but does no damage.
Your orange demon stings the elephant!
The elephant looks as sick as possible!
Your orange demon poisons the elephant!
Your orange demon hits the elephant.
Unknown command.
You feel better. The elephant tramples you.
* * * LOW HITPOINT WARNING * * *
You block the elephant's attack.
The elephant tramples you but does no damage.
The elephant trunk-slaps you but does no damage.
The dire elephant tramples you!
You die...

####.....⌠.....#######.#######...
.....................#.#........#
########...###########.#.......8#
....9..#...#.........#.#..#######
.#.#.#.#...#.........#.#..#
#.#.#.=#...#.........#.#..#
.#.#.#.#...#=........#.#..#
#.©.#.©#...#©...4Y...#©#..#
.#.#.#!#...#)...♣Y...###..#
#.#.#.%#...#?....Y...#....#
.#.#.#.#...#.........#...8#
.......#...#.........#..###
########...###########..#
...#©#.......#©#........#
...#.#..8⌠8..#.#.......8#
####.#########.########## ...
.....


You could see a dire elephant, 2 elephants and a friendly orange demon.

Vanquished Creatures
  A death ooze (Gauntlet)
  A centaur zombie (D:10)
  A cane toad (Lair:1)
  A gargoyle (D:10)
  A kobold demonologist (D:10)
  An efreet (D:10)
  A troll (D:8)
  5 slime creatures
  A hippogriff (D:9)
  2 yaks (D:9)
  Grum (D:8)
  A hog (D:7)
  4 porcupines (D:9)
  4 sky beasts
  3 phantoms
  3 orc warriors
  An ice beast (D:7)
  2 ogres
  3 centaurs
  4 wolves (D:8)
  A crocodile (D:10)
  8 bullfrogs
  Blork the orc (D:4)
  A big kobold (D:7)
  2 scorpions
  23 killer bees
  2 wights (D:8)
  3 crimson imps
  4 howler monkeys (D:8)
  4 hounds
  2 bullfrog skeletons
  An iron imp (Gauntlet)
  3 orc priests
  A jelly (D:5)
  3 centaur skeletons
  2 orc wizards (D:5)
  Jessica (D:2)
  2 iguanas
  5 worker ants
  2 worker ant zombies
  Robin (D:3)
  6 gnolls
  8 adders
  A shadow imp (D:6)
  4 oozes
  2 worms
  3 dart slugs
  2 leopard geckos
  40 orcs
  8 bats
  3 giant cockroaches
  16 goblins
  10 hobgoblins
  15 jackals
  4 quokkas
  6 frilled lizards
  14 kobolds
  A quokka zombie (D:6)
  6 rats
  A spectral orc (D:3)
263 creatures vanquished.

Vanquished Creatures (collateral kills)
  3 ugly things
  A rust devil (Gauntlet)
  A queen bee (D:10)
  3 slime creatures (D:10)
  A hippogriff (D:7)
  A ynoxinul (Gauntlet)
  A human (D:7)
  5 yaks (D:9)
  3 hungry ghosts (D:9)
  3 hogs (D:7)
  An acid dragon (D:9)
  A porcupine (D:9)
  2 sky beasts
  An ogre (D:9)
  2 centaurs
  4 bullfrogs
  A big kobold (D:10)
  3 scorpions
  4 killer bees (D:10)
  2 wights (D:8)
  2 howler monkeys (D:8)
  2 crimson imps
  A jelly (D:7)
  An orc wizard (D:7)
  A hound (D:4)
  An iron imp (Gauntlet)
  3 worker ants
  A hound skeleton (D:10)
  An adder skeleton (D:7)
  An adder zombie (D:6)
  3 orcs
  4 kobolds
64 creatures vanquished.

Vanquished Creatures (others)
  A wight (D:9)
  3 battlemagi
  2 ancestors (D:8)
  2 fungi (D:9)
8 creatures vanquished.

Grand Total: 335 creatures vanquished

Notes
Turn   | Place    | Note
-------+----------+-------------------------------------------
     0 | D:1      | Exporg the Demonspawn Gladiator began the quest for the
                  | Orb.
     0 | D:1      | Reached XP level 1. HP: 16/16 MP: 1/1
    41 | D:1      | Gained mutation: You are surrounded by a mild repulsion
                  | field. (EV +2) [demonic ancestry]
    41 | D:1      | Reached XP level 2. HP: 22/22 MP: 2/2
   180 | D:1      | Reached skill level 3 in Polearms
   626 | D:1      | Gained mutation: You are surrounded by a moderate repulsion
                  | field. (EV +3) [demonic ancestry]
   626 | D:1      | Reached XP level 3. HP: 25/27 MP: 3/3
  1078 | D:2      | Noticed a scorpion
  1086 | D:2      | Killed a scorpion
  1086 | D:2      | Reached skill level 4 in Polearms
  1086 | D:2      | Reached XP level 4. HP: 28/33 MP: 4/4
  1321 | D:2      | Noticed Jessica
  1325 | D:2      | Killed Jessica
  1325 | D:2      | Gained mutation: A weak demonic guardian rushes to your
                  | aid. [demonic ancestry]
  1325 | D:2      | Reached XP level 5. HP: 39/39 MP: 5/5
  1388 | D:3      | Noticed Robin
  1558 | D:3      | Found an iron altar of Okawaru.
  1593 | D:3      | Reached skill level 1 in Armour
  2107 | D:3      | Killed Robin
  2243 | D:3      | Gained mutation: You have large cloven feet. [demonic
                  | ancestry]
  2243 | D:3      | Reached XP level 6. HP: 44/46 MP: 6/6
  2546 | D:3      | Found a basalt altar of Yredelemnul.
  2818 | D:4      | Reached skill level 5 in Polearms
  2835 | D:4      | Reached skill level 1 in Stealth
  2966 | D:4      | Noticed an orc warrior
  3024 | D:4      | Noticed Blork the orc
  3055 | D:4      | Killed Blork the orc
  3055 | D:4      | Reached skill level 1 in Spellcasting
  3055 | D:4      | Gained mutation: You have hoof-like feet. [demonic
                  | ancestry]
  3055 | D:4      | Reached XP level 7. HP: 21/52 MP: 6/8
  3148 | D:4      | Noticed a troll
  3458 | D:4      | Reached skill level 6 in Polearms
  3672 | D:4      | Found Fiummar's Antique Armour Shoppe.
  3898 | D:5      | Entered Level 5 of the Dungeon
  4030 | D:5      | Found Pinliaf's Book Emporium.
  4059 | D:5      | Found a shadowy altar of Dithmenos.
  4190 | D:5      | Gained mutation: Your muscles are strong. (Str +2) [potion
                  | of mutation]
  4190 | D:5      | Gained mutation: You are somewhat resistant to further
                  | mutation. [potion of mutation]
  4204 | D:5      | Gained mutation: A demonic guardian rushes to your aid.
                  | [demonic ancestry]
  4204 | D:5      | Reached XP level 8. HP: 22/60 MP: 11/11
  4931 | D:6      | Reached skill level 7 in Polearms
  5149 | D:6      | Found a corrupted altar of Lugonu.
  5158 | D:6      | Found a blossoming altar of Fedhas.
  5194 | D:6      | Found a staircase to the Ecumenical Temple.
  5206 | Temple   | Entered the Ecumenical Temple
  5311 | Temple   | Became a worshipper of Hepliaklqana the Forgotten
  5593 | D:6      | Found a stormy altar of Qazlal.
  5596 | D:6      | Noticed an air elemental
  6023 | D:6      | Reached * piety under Hepliaklqana
  6303 | D:7      | Reached skill level 8 in Polearms
  6303 | D:7      | Reached XP level 9. HP: 47/59 MP: 14/14
  6533 | D:7      | Noticed a purple ugly thing
  6543 | D:7      | Killed a purple ugly thing
  6543 | D:7      | Reached skill level 5 in Fighting
  6793 | D:7      | Found an ancient bone altar of Kikubaaqudgha.
  6825 | D:7      | Reached skill level 9 in Polearms
  7052 | D:8      | Noticed Grum
  7059 | D:8      | Killed Grum
  7285 | D:8      | Gained mutation: You are surrounded by a strong repulsion
                  | field. (EV +4, RMsl) [demonic ancestry]
  7285 | D:8      | Reached XP level 10. HP: 62/68 MP: 17/17
  7287 | D:8      | Noticed a cyan ugly thing
  7301 | D:8      | Killed a cyan ugly thing
  7301 | D:8      | Reached skill level 5 in Spellcasting
  7667 | D:8      | Reached ** piety under Hepliaklqana
  7668 | D:8      | Remembered your ancestor Coriakin as a battlemage
  7732 | D:8      | Found a bloodstained altar of Trog.
  7965 | D:8      | Found an ancient bone altar of Kikubaaqudgha.
  7969 | D:8      | Reached skill level 5 in Dodging
  8048 | D:8      | Reached skill level 10 in Polearms
  8570 | D:9      | Found a staircase to the Lair.
  8702 | D:9      | Found a glowing golden altar of the Shining One.
  8735 | D:9      | Found a runed translucent gate.
  8735 | D:9      | Found a runed translucent gate.
  8736 | D:9      | Found a runed translucent gate.
  8737 | D:9      | Found an opulent altar of Gozag.
  8739 | D:9      | Noticed an ettin
  8739 | D:9      | Noticed SirMumm's ghost (journeyman GrWz)
  8739 | D:9      | Noticed a cyclops
  8806 | D:9      | Gained mutation: You have hooves in place of feet. [demonic
                  | ancestry]
  8806 | D:9      | Reached XP level 11. HP: 60/74 MP: 20/20
  8987 | D:9      | Found Jeanad's Weapon Emporium.
  9205 | D:9      | Found a white marble altar of Elyvilon.
  9205 | D:9      | Found a bloodstained altar of Trog.
  9205 | D:9      | Found a sparkling altar of Nemelex Xobeh.
  9231 | D:9      | Reached *** piety under Hepliaklqana
  9255 | D:9      | Reached skill level 5 in Throwing
  9474 | D:10     | Entered Level 10 of the Dungeon
  9518 | D:10     | Found an opulent altar of Gozag.
  9688 | D:10     | Reached skill level 11 in Polearms
 10238 | D:10     | Found Gozag's Platinum Reserve.
 10859 | D:10     | Noticed a purple ugly thing
 10866 | D:10     | Killed a purple ugly thing
 11133 | D:9      | Bought the +7 spear of Massacring {drain, rC+} for 652 gold
                  | pieces
 11268 | Lair:1   | Entered Level 1 of the Lair of Beasts
 11278 | Lair:1   | Identified a scroll of acquirement
 11386 | Lair:1   | Found a gate leading to a gauntlet.
 11395 | Gauntlet | Entered a Gauntlet
 11395 | Gauntlet | Found a transporter.
 11395 | Gauntlet | Found a transporter.
 11400 | Gauntlet | Found a transporter.
 11408 | Gauntlet | Found a transporter.
 11436 | Gauntlet | Found a transporter.
 11437 | Gauntlet | Noticed a death ooze
 11440 | Gauntlet | Found a transporter.
 11440 | Gauntlet | Found a transporter.
 11440 | Gauntlet | Noticed a catoblepas
 11440 | Gauntlet | Noticed a dire elephant
 11446 | Gauntlet | Found a transporter.
 11460 | Gauntlet | Found a transporter.
 11460 | Gauntlet | Noticed a fire crab
 11502 | Gauntlet | Found a transporter.
 11551 | Gauntlet | Reached **** piety under Hepliaklqana
 11552 | Gauntlet | Found a transporter.
 11570 | Gauntlet | Found a transporter.
 11590 | Gauntlet | Found a transporter.
 11591 | Gauntlet | Noticed a fire crab
 11709 | Gauntlet | Found a transporter.
 11726 | Gauntlet | Found a transporter.
 11915 | Gauntlet | Killed a death ooze
 11961 | Gauntlet | HP: 4/112 [dire elephant (4)]
 11962 | Gauntlet | Slain by a dire elephant

Skill      XL: |  1  2  3  4  5  6  7  8  9 10 11 |
---------------+----------------------------------+-----
Dodging        | 3 4 5 6 |  6.1
Polearms       | 3 4 5 6 8 9 10 11 | 11.7
Throwing       | 2 3 4 6 |  6.0
Armour         | 1 2 3 |  3.9
Stealth        | 1 |  1.2
Fighting       | 3 4 5 6 7 |  7.5
Spellcasting   | 1 2 3 4 6 7 |  7.2
Shields        | |  0.5

Action                   |  1- 3 |  4- 6 |  7- 9 | 10-12 || total
-------------------------+-------+-------+-------+-------++-------
Melee: Trident           |   124 |   285 |   139 |       ||   548
       Kick              |       |    22 |    64 |    78 ||   164
       Glaive            |       |       |   163 |   277 ||   440
       Spear             |       |       |       |    34 ||    34
Throw: Tomahawk          |       |       |     8 |    24 ||    32
Invok: Ancestor Life: Ba |       |       |       |     1 ||     1
       Ancestor Identity |       |       |       |     1 ||     1
Evoke: Wand              |       |       |       |     2 ||     2
  Use: Potion            |     1 |       |     1 |     4 ||     6
       Scroll            |       |       |     4 |    18 ||    22
 Stab: Sleeping          |     3 |     4 |     2 |       ||     9
       Distracted        |       |       |     4 |     2 ||     6
  Eat: Chunk             |     9 |    14 |    15 |    10 ||    48
       Ration            |       |       |       |     3 ||     3
Armor: Leather armour    |    35 |    64 |    51 |    71 ||   221
       Skin              |       |       |       |    20 ||    20
Dodge: Dodged            |   108 |   226 |   187 |   298 ||   819
       Deflected         |       |       |       |     8 ||     8
Block: Buckler           |       |       |     9 |     4 ||    13
